 Dungeon Crawl Stone Soup version 0.22-a0-402-ga933591 (webtiles) character file.

30 Kairos the Shield-Bearer (level 3, -1/19 HPs)
             Began as a Vine Stalker Fighter on May 7, 2018.
             Slain by a leopard gecko (2 damage)
             ... on level 2 of the Dungeon.
             The game lasted 00:00:57 (715 turns).

Kairos the Shield-Bearer (Vine Stalker Fighter)      Turns: 715, Time: 00:00:58

Health: -1/19      AC:  6    Str: 19    XL:     3   Next: 18%
Magic:  0/4        EV:  7    Int:  8    God:
Gold:   52         SH:  9    Dex: 13    Spells: 2/2 levels left

rFire    . . .     SeeInvis +   a - +0 war axe
rCold    . . .     Gourm    .   c - +0 shield
rNeg     . . .     Faith    .   b - +0 scale mail
rPois    .         Spirit   +   (no helmet)
rElec    .         Reflect  .   (no cloak)
rCorr    +         Harm     .   (no gloves)
MR       .....                  (no boots)
Stlth    ..........             (no amulet)
HPRegen  0.06/turn              o - ring of resist corrosion
MPRegen  0.09/turn              k - ring of see invisible

@: no status effects
A: fangs 2, magic shield, antimagic bite, no potion heal 3, rot immunity
a: no special abilities


You were on level 2 of the Dungeon.
You were not hungry.

You visited 1 branch of the dungeon, and saw 2 of its levels.

You collected 52 gold pieces.

Inventory:

Hand Weapons
 a - a +0 war axe (weapon)
Missiles
 j - 5 exploding tomahawks (quivered)
Armour
 b - a +0 scale mail (worn)
 c - a +0 shield (worn)
Jewellery
 k - a ring of see invisible (right hand)
 o - a ring of resist corrosion (left hand)
Scrolls
 e - 3 scrolls of teleportation {unknown}
 g - a scroll of immolation {unknown}
 h - a scroll of amnesia {unknown}
 n - a scroll of magic mapping {unknown}
 p - 2 scrolls of remove curse {unknown}
Potions
 d - a potion of might
 i - 2 potions of flight {unknown}
 l - a potion of ambrosia {unknown}
 m - a potion of resistance {unknown}
Comestibles
 f - 3 rations


   Skills:
 + Level 2.8 Fighting
 + Level 2.2 Axes
 + Level 2.8 Armour
 + Level 3.0 Shields


You had 2 spell levels left.
You didn't know any spells.

Dungeon Overview and Level Annotations

Branches:
Dungeon (2/15)

Altars:


Innate Abilities, Weirdness & Mutations

You have extremely sharp teeth.
When hurt, damage is shared between your health and your magic reserves.
Your bite disrupts and absorbs the magic of your enemies.
Potions cannot restore your health.
You are immune to rotting.


Message History

You block the leopard gecko's attack. The leopard gecko barely misses you.
The hobgoblin hits you but does no damage.
A bat comes into view.
The leopard gecko bites you but does no damage.
The hobgoblin hits you but does no damage.
The kobold hits you but does no damage. The kobold hits you with a dagger.
* * * LOW HITPOINT WARNING * * *
The bat hits you but does no damage. You block the leopard gecko's attack.
The giant cockroach barely misses you. The bat hits you but does no damage.
Found a coppery potion.
The bat hits you but does no damage.
The giant cockroach waves its antennae.
The bat hits you but does no damage.
The giant cockroach waves its antennae.
The bat closely misses you. The giant cockroach closely misses you.
The leopard gecko bites you.
You die...

#.##.## #....g#
#.##.g# #.....#
#########.#
#.........#
#########..g..##.##
#.....s.gg....##.#
#....@bK....#.....
#.....l.g...#.##.##
#.!.........#.##.#
#.............##.#
#...........####.#
#.............
##......#.....#
.......#.....#


You could see 3 gnolls, a leopard gecko, a giant cockroach, a hobgoblin, a bat
and a kobold.

Vanquished Creatures
  A dart slug (D:1)
  2 giant cockroaches (D:1)
  6 hobgoblins
  4 jackals (D:1)
  4 kobolds
  2 ball pythons
  A bat (D:1)
  3 frilled lizards (D:1)
  3 rats (D:1)
26 creatures vanquished.

Notes
Turn   | Place    | Note
-------+----------+-------------------------------------------
     0 | D:1      | Kairos the Vine Stalker Fighter began the quest for the Orb.
     0 | D:1      | Reached XP level 1. HP: 11/11 MP: 2/2
   191 | D:1      | Reached XP level 2. HP: 13/16 MP: 3/3
   292 | D:1      | Reached skill level 3 in Shields
   513 | D:1      | Reached XP level 3. HP: 19/19 MP: 4/4
   715 | D:2      | Slain by a leopard gecko

Vault maps used:
D:1:      mushboom_english_gardens, solitary_fountain
D:2:      lemuel_round_altar, first_ration, guppyfry_early_lair_pool

Skill      XL: |  1  2 |
---------------+-------+-----
Axes           | 2 |  2.2
Shields        | 3 |  3.0
Fighting       | |  2.8
Armour         | |  2.8

Action                   || total
-------------------------++-------
Melee: War axe           ||    61
       Bite              ||    11
Armor: Scale mail        ||    33
Dodge: Dodged            ||    22
Block: Shield            ||    35

Table legend:
 A = Spawn XP
 B = Non-spawn XP
 C = Spawn XP percentage of total XP
 D = Spawn monster count
 E = Non-spawn monster count
 F = Spawn count percentage of total count
 G = Total turns spent on level
                    A         B        C        D         E        F      G
               +---------+---------+-------+---------+---------+-------+---------
         Total |       0 |      43 |   0.0 |       0 |      26 |   0.0 |   715
               +---------+---------+-------+---------+---------+-------+---------
           D:1 |       0 |      37 |   0.0 |       0 |      22 |   0.0 |   640
           D:2 |       0 |       6 |   0.0 |       0 |       4 |   0.0 |    75
               +---------+---------+-------+---------+---------+-------+---------
